 Dungeon Crawl Stone Soup version 0.29.1-12-g30fa7ad0bf (webtiles) character file.

Game seed: 10482712865390388141

207 javelincjr the Magician (level 6, 0/41 HPs)
             Began as a Djinni Hedge Wizard on Dec 20, 2022.
             Slain by an ice beast (15 damage)
             ... on level 3 of the Dungeon on Dec 21, 2022.
             The game lasted 00:19:29 (3562 turns).

javelincjr the Magician (Djinni Hedge Wizard)       Turns: 3562, Time: 00:19:30

Health: 0/41       AC:  5    Str: 11    XL:     6   Next: 11%
Gold:   201        EV: 13    Int: 15    God:
                   SH:  0    Dex: 13

rFire   + + .      SeeInvis +   q - +1 dagger (venom)
rCold   x . .      Faith    .   (no shield)
rNeg    . . .      Spirit   .   b - +0 robe
rPois   ∞          Reflect  .   c - +0 hat
rElec   .          Harm     .   f - +0 cloak
rCorr   .          Rampage  .   u - +1 pair of gloves
Will    .....                   (boots unavailable)
Stlth   ++........              l - amulet of the acrobat
HPRegen 0.13/turn               i - ring of see invisible
MPRegen 0.00/turn               (no ring)

@: flying
A: sickness immunity, fire resistance 2, cold vulnerability 1, float, innate
caster, HP casting, extra vitality 1
a: no special abilities


You were on level 3 of the Dungeon.
You visited 1 branch of the dungeon, and saw 3 of its levels.

You collected 201 gold pieces.

Inventory:

Hand Weapons
 a - a +0 dagger
 d - a +0 quarterstaff
 q - a +1 dagger of venom (weapon)
Missiles
 j - 16 poisoned darts
Armour
 b - a +0 robe (worn)
 c - a +0 hat (worn)
 f - a +0 cloak (worn)
 u - a +1 pair of gloves (worn)
Jewellery
 i - a ring of see invisible (left hand)
 l - an amulet of the acrobat (around neck)
 m - an amulet of reflection
Scrolls
 e - a scroll of silence {unknown}
 g - 3 scrolls of teleportation {unknown}
 h - 4 scrolls of identify {unknown}
 o - 2 scrolls of blinking {unknown}
 r - a scroll of magic mapping {unknown}
 s - a scroll of poison {unknown}
 t - 2 scrolls of enchant armour {unknown}
 v - a scroll of torment {unknown}
 w - a scroll of noise {unknown}
Potions
 k - a potion of attraction {unknown}
 n - a potion of curing {unknown}
 p - a potion of mutation {unknown}


   Skills:
 + Level 0.7 Fighting
 + Level 0.6 Short Blades
 + Level 1.3 Staves
 + Level 3.3 Dodging
 + Level 1.9 Stealth
 + Level 4.0 Spellcasting


You couldn't memorise any spells.
You knew the following spells:

 Your Spells              Type           Power      Damage    Failure   Level
a - Magic Dart            Conj           60%        1d6       3%          1
b - Blink                 Tloc           30%        N/A       5%          2
c - Call Imp              Summ           15%        N/A       5%          2
d - Slow                  Hex            60%        N/A       3%          1
e - Conjure Flame         Conj/Fire      15%        6-21      11%         3
f - Mephitic Cloud        Conj/Pois/Air  15%        N/A       11%         3
g - Apportation           Tloc           30%        N/A       3%          1
h - Ensorcelled Hibernat  Hex/Ice        30%        N/A       5%          2
Your spell library was empty.

Dungeon Overview and Level Annotations

Branches:
Dungeon (3/15)

Altars:

Annotations:
D:3 1 runed translucent door, Rudyous's ghost, amateur HOFi


Innate Abilities, Weirdness & Mutations

You are immune to sickness and miasma.
You are immune to poison.
Your flesh is very heat resistant. (rF++)
You are vulnerable to cold. (rC-)
You float through the air rather than walking.
You learn spells naturally, not from books.
Your magical power is your life essence.
You have superior vitality. (+4 MHP)


Message History

Aim: an ice beast (moderately wounded, 100% to hit)
The magic dart hits the ice beast.
The ice beast is moderately wounded.
You feel stable enough to blink again. The ice beast attacks as you move away!
The ice beast hits you but does no damage.
Casting: Magic Dart (safe; 3% risk of failure)
Confirm with . or Enter, or press ? or * to list all spells.
A beastly little devil appears in a puff of flame.
The ice beast hits you but does no damage.
The ice beast attacks as you move away! The ice beast completely misses you.
The ice beast closely misses your crimson imp.
Your crimson imp completely misses the ice beast.
The ice beast hits your crimson imp but does no damage.
Your crimson imp hits the ice beast.
The ice beast barely misses your crimson imp.
Your crimson imp hits the ice beast but does no damage.
Your crimson imp blinks!
Aiming: Magic Dart (safe; 3% risk of failure)
Press: ? - help, Q - select action, (/) - cycle Shift-Dir - straight line, f/p - ice beast
Aim: an ice beast (heavily wounded, ally target, 100% to hit)
The magic dart hits the ice beast.
The ice beast is heavily wounded.
Aiming: Magic Dart (safe; 3% risk of failure)
Press: ? - help, Q - select action, (/) - cycle Shift-Dir - straight line, f/p - ice beast
Aim: an ice beast (heavily wounded, ally target, 100% to hit)
The magic dart hits the ice beast.
The ice beast is severely wounded.
Your crimson imp hits the ice beast.
Your crimson imp blinks!
Your crimson imp closely misses the ice beast.
Aiming: Magic Dart (safe; 3% risk of failure)
Press: ? - help, Q - select action, (/) - cycle Shift-Dir - straight line, f/p - ice beast
Aim: an ice beast (severely wounded, ally target, 100% to hit)
The magic dart hits the ice beast but does no damage.
The ice beast is severely wounded.
You hit the ice beast but do no damage.
The ice beast is severely wounded.
The ice beast hits you. The ice beast freezes you!
You feel a terrible chill!
You die...

##################
#.............(..#
######.##############.#
#......########### #(#
...##.....[).)...# #.#
.......#########@# #.#
..(##### ##Y####.# #.##
#.5.....# #.# #..######
..# #..# ### #..# #..##
#############...#
#...............#


You could see an ice beast (ally target) and a friendly crimson imp (summoned).

Vanquished Creatures
  A necrophage (D:2)
  An orc wizard (D:3)
  6 adders
  A dart slug (D:1)
  2 orcs (D:3)
  5 ball pythons
  9 endoplasms
  2 giant cockroaches
  5 goblins
  5 hobgoblins
  2 jackals (D:1)
  3 quokkas
  7 bats
  5 frilled lizards
  5 kobolds
  8 rats
67 creatures vanquished.

Notes
Turn   | Place    | Note
-------+----------+-------------------------------------------
     0 | D:1      | javelincjr the Djinni Hedge Wizard began the quest for the
                  | Orb.
     0 | D:1      | javelincjr set off with the following spells memorised:
                  | Magic Dart, Blink, Call Imp, Slow, Conjure Flame, Mephitic
                  | Cloud.
     0 | D:1      | Reached XP level 1. HP: 15/15 MP: 0/0
   328 | D:1      | Reached XP level 2. HP: 20/21 MP: 0/0
   791 | D:1      | Reached XP level 3. HP: 24/25 MP: 0/0
   791 | D:1      | Learned a level 1 spell: Apportation
   996 | D:1      | Reached skill level 3 in Spellcasting
  1580 | D:2      | Reached XP level 4. HP: 18/31 MP: 0/0
  2030 | D:3      | Noticed a necrophage
  2196 | D:2      | Killed a necrophage
  2197 | D:2      | Reached skill level 1 in Staves
  2197 | D:2      | Reached XP level 5. HP: 17/36 MP: 0/0
  2197 | D:2      | Learned a level 2 spell: Ensorcelled Hibernation
  2380 | D:3      | Noticed an ice beast
  3112 | D:3      | Reached skill level 4 in Spellcasting
  3112 | D:3      | Reached XP level 6. HP: 37/41 MP: 0/0
  3452 | D:3      | Found a faded altar of an unknown god.
  3471 | D:3      | Found a runed translucent door.
  3472 | D:3      | Noticed Rudyous's ghost (amateur HOFi)
  3562 | D:3      | Slain by an ice beast

Illustrated notes

Levels and vault maps discovered:
D:1:      scummos_arrival_hexagon, layout_loops_ring, nrook_mini_vaults
D:2:      layout_rooms
D:3:      layout_loops_ring, hellmonk_ecumenical_altar_heavens_door,
          gammafunk_ghost_grave, due_unseen_surprise

Skill      XL: |  1  2  3  4  5 |
---------------+----------------+-----
Spellcasting   | 3 4 |  4.0
Dodging        | 3 |  3.3
Staves         | 1 |  1.3
Fighting       | |  0.7
Short Blades   | |  0.6
Stealth        | |  1.9

Action                   |  1- 3 |  4- 6 || total
-------------------------+-------+-------++-------
Melee: Quarterstaff      |    18 |       ||    18
       Dagger            |     2 |    41 ||    43
 Cast: Magic Dart        |    65 |    82 ||   147
       Call Imp          |     1 |     1 ||     2
       Blink             |       |     7 ||     7
       Slow              |       |     1 ||     1
       Conjure Flame     |       |     2 ||     2
  Use: Potion            |     1 |       ||     1
 Stab: Distracted        |       |     1 ||     1
Armor: Robe              |    16 |    19 ||    35
Dodge: Dodged            |    24 |    33 ||    57
